 Dungeon Crawl Stone Soup version 0.17.1-3-g152610e (webtiles) character file.

394 Heskey the Skirmisher (level 6, -5/42 HPs)
             Began as a Gargoyle Fighter on Mar 25, 2016.
             Was an Initiate of Makhleb.
             Slain by an orc warrior
             ... wielding a +0 long sword
              (11 damage)
             ... on level 5 of the Dungeon.
             The game lasted 00:05:15 (2697 turns).

Heskey the Skirmisher (Gargoyle Fighter)            Turns: 2697, Time: 00:05:16

Health: -5/42      AC: 15    Str: 26    XL:     6   Next: 82%
Magic:  6/6        EV:  6    Int:  9    God:    Makhleb [......]
Gold:   231        SH: 10    Dex: 12    Spells: 0 memorised, 5 levels left

rFire  . . .     SeeInvis .     a - +0 flail
rCold  . . .     Clarity  .     A - +0 chain mail
rNeg   + . .     SustAt   .     c - +0 shield
rPois  ∞         Gourm    .     (no helmet)
rElec  +         Spirit   .     r - +0 cloak
rCorr  .         Warding  .     (no gloves)
rMut   .         Stasis   .     (no boots)
MR     .....                    (no amulet)
Stlth  ..........               y - ring of stealth
                                l - +3 ring of dexterity

@: mighty, not resistant to hostile enchantments, extremely unstealthy
A: negative energy resistance 1, electricity resistance, unbreathing,
petrification resistance, rot immunity, AC +4
a: Renounce Religion


You were on level 5 of the Dungeon.
You worshipped Makhleb.
Makhleb was noncommittal.
You were not hungry.

You visited 1 branch of the dungeon, and saw 5 of its levels.

You collected 231 gold pieces.

Inventory:

Hand Weapons
 a - a +0 flail (weapon)
Armour
 c - a +0 shield (worn)
 r - a +0 cloak (worn)
 A - a +0 chain mail (worn)
Jewellery
 l - a +3 ring of dexterity (left hand)
 y - a ring of stealth (right hand)
Scrolls
 h - 3 scrolls of identify {unknown}
 i - 4 scrolls of remove curse {unknown}
 j - a scroll of amnesia {unknown}
 n - 4 scrolls of enchant weapon {unknown}
 p - a scroll of magic mapping {unknown}
 u - a scroll of teleportation {unknown}
 x - a scroll of blinking {unknown}
 B - 2 scrolls of recharging {unknown}
Potions
 d - 3 potions of might
 f - a potion of mutation {unknown}
 g - a potion of magic
 m - 3 potions of ambrosia
 o - a potion of degeneration {unknown}
 s - a potion of haste
 t - a potion of resistance
 w - a potion of heal wounds
Books
 z - a book of Burglary

   Spells                             Type                      Level
   a - Swiftness                      Charms/Air                   2
   b - Passwall                       Transmutation/Earth          3
   c - Passage of Golubria            Translocation                4
   d - Lee's Rapid Deconstruction     Earth                        5
   e - Darkness                       Hexes                        6
   f - Invisibility                   Hexes                        6
Comestibles
 b - 6 fruits
 e - 3 bread rations
 q - a meat ration
 v - 2 slices of pizza


   Skills:
 * Level 6.3 Fighting
 + Level 3.8 Maces & Flails
 + Level 4.8 Armour
 - Level 3.2 Shields


You had 5 spell levels left.
You didn't know any spells.

Dungeon Overview and Level Annotations

Branches:
Dungeon (5/15)
 Temple: D:4-7

Altars:
Makhleb


Innate Abilities, Weirdness & Mutations

You are resistant to torment.
Your stone body is resilient (AC +4).
You are immune to poison.
You resist negative energy.
You are resistant to electric shocks.
You can survive without breathing.
You are immune to petrification.
You are immune to rotting.


Message History

You are too injured to fight recklessly!
You are too injured to fight recklessly!
You hit the orc warrior.
The orc warrior is severely wounded.
The orc warrior hits you with a long sword.
* * * LOW HITPOINT WARNING * * *
You hit the orc warrior.
The orc warrior is severely wounded.
The orc warrior hits you but does no damage.
You closely miss the orc warrior.
The orc warrior is severely wounded.
The orc warrior hits you but does no damage.
You hit the orc warrior but do no damage.
The orc warrior is severely wounded.
You block the orc warrior's attack.
You hit the orc warrior.
The orc warrior is almost dead.
You block the orc warrior's attack.
The orc warrior hits you with a long sword!
You die...

##.......###.#
#..........#.#
#............
#..........#
#........#.#
#.........#
#..o...#
#...@.#
#....## ##..##
###


You could see an orc warrior.

Vanquished Creatures
  A sky beast (D:3)
  The ghost of emiel the Sneak, a weakling SpAK of Lugonu (D:3)
  2 orc priests (D:4)
  Crazy Yiuf (D:3)
  2 worker ants (D:4)
  3 adders (D:3)
  4 gnolls
  2 giant geckos
  12 orcs
  6 bats
  5 goblins
  4 hobgoblins
  4 jackals (D:2)
  A quokka (D:3)
  2 giant newts (D:4)
  4 kobolds
  6 rats
  A fungus (D:3)
61 creatures vanquished.

Notes
Turn   | Place    | Note
--------------------------------------------------------------
     0 | D:1      | Heskey the Gargoyle Fighter began the quest for the Orb.
     0 | D:1      | Reached XP level 1. HP: 14/14 MP: 1/1
   208 | D:1      | Reached XP level 2. HP: 18/20 MP: 2/2
   491 | D:1      | Reached skill level 4 in Fighting
   662 | D:2      | Reached XP level 3. HP: 13/24 MP: 3/3
  1135 | D:3      | Noticed emiel's ghost (weakling SpAK)
  1150 | D:3      | Killed emiel's ghost
  1150 | D:3      | Reached XP level 4. HP: 26/30 MP: 4/4
  1459 | D:3      | Noticed a sky beast
  1481 | D:3      | Killed a sky beast
  1481 | D:3      | Reached skill level 5 in Fighting
  1481 | D:3      | Reached XP level 5. HP: 28/35 MP: 5/5
  1814 | D:3      | Reached XP level 6. HP: 38/40 MP: 6/6
  1985 | D:3      | Noticed Crazy Yiuf
  1997 | D:3      | Killed Crazy Yiuf
  2122 | D:4      | Reached skill level 6 in Fighting
  2641 | D:4      | Found a burning altar of Makhleb.
  2655 | D:4      | Became a worshipper of Makhleb the Destroyer
  2691 | D:5      | Entered Level 5 of the Dungeon
  2697 | D:5      | Slain by an orc warrior

Action                   |  1- 3 |  4- 6 || total
-------------------------+-------+-------++-------
Melee: Flail             |   106 |   203 ||   309
  Use: Potion            |       |     9 ||     9
 Stab: Invisible         |       |     1 ||     1
  Eat: Chunk             |     1 |     5 ||     6
       Fruit             |       |     1 ||     1
